 Dungeon Crawl Stone Soup version 0.25.0-37-gb73750e0fb (webtiles) character file.

Game seed: 6391248016387149080

16206 DocSulfur the Blocker (level 12, -13/68 HPs)
             Began as a Deep Elf Earth Elementalist on July 8, 2020.
             Was a High Priest of Kikubaaqudgha.
             Mangled by a phantasmal warrior (34 damage)
             ... led by a death knight
             ... on level 12 of the Dungeon.
             The game lasted 01:51:36 (13746 turns).

DocSulfur the Blocker (DEEE)                       Turns: 13746, Time: 01:51:39

Health: -13/68     AC:  6    Str:  9    XL:     12   Next: 8%
Magic:  7/28       EV: 12    Int: 26    God:    Kikubaaqudgha [*****.]
Gold:   343        SH: 16    Dex: 15    Spells: 6/31 levels left

rFire    + . .     SeeInvis +   k - +10 hunting sling of Plunder {speed, rF+ Str+4}
rCold    . . .     Gourm    .   D - +0 kite shield
rNeg     . . .     Faith    .   O - +2 robe {MR+}
rPois    .         Spirit   .   p - +0 helmet
rElec    .         Reflect  +   (no cloak)
rCorr    .         Harm     .   (no gloves)
MR       +....                  s - +0 pair of boots
Stlth    ++........             m - amulet of reflection
HPRegen  0.21/turn              l - ring of see invisible
MPRegen  0.21/turn              y - +4 ring of slaying

@: vulnerable, very slightly contaminated
A: no striking features
a: Receive Corpses, Torment, Renounce Religion


You were on level 12 of the Dungeon.
You worshipped Kikubaaqudgha.
Kikubaaqudgha was extremely pleased with you.
You were very hungry.

You visited 1 branch of the dungeon, and saw 13 of its levels.
You also visited: Ossuary.

You collected 492 gold pieces.
You spent 149 gold pieces at shops.

Inventory:

Hand Weapons
 k - the +10 hunting sling of Plunder (weapon) {speed, rF+ Str+4}
   (You found it on level 7 of the Dungeon)

   Attacks with this weapon are significantly faster.
   It affects your strength (+4).
   It protects you from fire.
 P - the +10 dagger of the Pill Bug {venom, rElec}
   (You found it on level 7 of the Dungeon)

   It poisons the flesh of those it strikes.
   It insulates you from electricity.
Missiles
 a - 9 poisoned darts
 b - 89 stones (quivered)
 o - 3 javelins
 w - 3 silver javelins
 F - 5 atropa-tipped darts
 L - 16 throwing nets
Armour
 p - a +0 helmet (worn)
 s - a +0 pair of boots (worn)
 t - a +0 troll leather armour
 D - a +0 kite shield (worn)
 J - +0 steam dragon scales
 O - a +2 robe of magic resistance (worn)
 T - a +1 robe of cold resistance
Jewellery
 c - an uncursed ring of resist corrosion
 g - an uncursed amulet of magic regeneration
 i - an uncursed ring of ice
 l - a ring of see invisible (left hand)
 m - an amulet of reflection (around neck)
 y - a +4 ring of slaying (right hand)
 Y - a cursed ring of teleportation {unknown}
Wands
 r - a wand of clouds (4)
 B - a wand of acid (4)
 G - a wand of enslavement (10)
 I - a wand of flame (8)
Scrolls
 f - 2 scrolls of immolation
 n - 3 scrolls of enchant armour
 x - 2 scrolls of fog
 C - a scroll of teleportation
 H - a scroll of brand weapon {unknown}
 K - a scroll of silence {unknown}
 M - a scroll of noise {unknown}
 N - 5 scrolls of remove curse
 Q - a scroll of random uselessness {unknown}
 R - 4 scrolls of enchant weapon
 S - 2 scrolls of magic mapping
 U - a scroll of vulnerability {unknown}
Potions
 e - 6 potions of lignification
 h - 4 potions of haste
 j - 3 potions of invisibility
 q - 2 potions of stabbing
 u - 3 potions of mutation
 v - 6 potions of curing
 z - 2 potions of berserk rage
 A - a potion of cancellation
 E - 2 potions of might
 Z - a potion of resistance
Comestibles
 d - 22 rations


   Skills:
 * Level 5.5 Fighting
 - Level 2.4 Dodging
 - Level 2.4 Stealth
 - Level 10.2 Shields
 - Level 10.0 Spellcasting
 - Level 6.0 Conjurations
 + Level 7.7 Necromancy
 - Level 2.0 Transmutations
 - Level 10.0 Earth Magic


You had 6 spell levels left.
You knew the following spells:

 Your Spells              Type           Power        Failure   Level  Hunger
a - Sandblast             Erth           ######       1%          1    None
b - Passwall              Tmut/Erth      #####...     1%          2    None
c - Stone Arrow           Conj/Erth      ######       1%          3    None
d - Lee's Rapid Deconstr  Erth           ######....   3%          5    ####...
e - Sublimation of Blood  Necr           ######....   1%          2    None
f - Vampiric Draining     Necr           ######....   1%          3    None
g - Borgnjor's Vile Clut  Necr/Erth      ######....   6%          5    ####...
h - Dispel Undead         Necr           ######..     3%          4    None

Your spell library contained the following spells:

 Spells                   Type           Power        Failure   Level  Hunger
 Animate Skeleton         Necr           N/A          1%          1    None
 Pain                     Necr           ####         1%          1    None
 Petrify                  Tmut/Erth      #####...     7%          4    None
 Apportation              Tloc           ##....       9%          1    None
 Corona                   Hex            ##.....      9%          1    None
 Summon Small Mammal      Summ           ##..         9%          1    None
 Agony                    Necr           ######..     10%         5    ####...
 Call Imp                 Summ           ##......     13%         2    None
 Call Canine Familiar     Summ           ##......     26%         3    None
 Summon Guardian Golem    Hex/Summ       ##......     26%         3    None
 Excruciating Wounds      Chrm/Necr      ####......   43%         5    ####...
 Summon Ice Beast         Ice/Summ       ##......     63%         4    None
 Summon Lightning Spire   Summ/Air       ##......     63%         4    None
 Simulacrum               Ice/Necr       ####......   95%         6    #####..


Dungeon Overview and Level Annotations

Branches:
Dungeon (13/15)            Temple (0/1) D:7            Lair (0/6) D:11
    Orc (0/2) D:10        Ossuary (visited)
 Vaults: D:13-14

Altars:
Ashenzari
Elyvilon
Fedhas
Gozag
Hepliaklqana
Kikubaaqudgha
Nemelex Xobeh
Qazlal
Ru
Sif Muna
Trog
Uskayaw
Xom
Beogh

Shops:
D:6 }   D:11 ?


Message History

The phantasmal warrior barely misses you.
Okay, then.
Okay, then.
Press: ? - help, v - describe, . - travel
Here: a phantasmal warrior (severely damaged)
The floor, spattered with blood.
Casting: Sandblast (safe; 1% risk of failure)
Confirm with . or Enter, or press ? or * to list all spells.
Aiming: Lee's Rapid Deconstruction (dangerous; 3% risk of failure)
Press: ? - help, Dir - move target cursor, p - phantasmal warrior A rock wall.
You miscast Lee's Rapid Deconstruction.
You are very lightly contaminated with residual magic.
You are caught in an explosion of flying shrapnel.
You are feeling very hungry.
The death knight is no longer moving slowly.
The phantasmal warrior hits you!!
Ouch! That really hurt!
You die...
Kikubaaqudgha rasps: "You have failed me!
Welcome... death!"

.....##.###........(.###
5..( .....##.#
#...)...(### .o.
.....##.# #........# .ยง
.....##.# #........# p
........# #........#
.....#### #####'####
.....# #.# #.#### #.##
#.# #.@# ..# ##W### ###
#.p.# ######'####
#[.....<..# #.........#
#.(.......+ #.....(.(.#
#..>..(...#


You could see a death knight (poisoned) and a phantasmal warrior.

Vanquished Creatures
  Fannar (D:10)
  A two-headed ogre (D:9)
  Sonja (D:10)
  2 cyclopes
  Joseph (D:7)
  3 centaur zombies
  Maggie (D:6)
  A freezing wraith (D:12)
  2 trolls (D:10)
  A hippogriff (D:8)
  A dream sheep (D:10)
  Prince Ribbit (D:6)
  2 wraiths
  Sigmund (D:5)
  4 basilisks (D:11)
  7 yaks
  3 hogs (D:9)
  2 vampire mosquitoes (D:12)
  A human (D:9)
  2 porcupines (D:11)
  4 sky beasts
  8 orc warriors
  A water moccasin (D:7)
  6 ice beasts
  A black bear (D:8)
  A phantom (D:6)
  A necrophage (D:8)
  8 ogres
  5 centaurs
  2 crocodiles
  3 big kobolds
  7 bullfrogs
  3 gnoll sergeants (D:8)
  3 scorpions
  35 killer bees
  5 wights (D:10)
  2 electric eels (D:8)
  9 crimson imps
  3 bullfrog zombies
  10 hounds
  A quasit (D:10)
  4 jellies
  4 gnoll shamans
  A human zombie (Ossuary)
  8 orc priests
  9 orc wizards
  A bullfrog skeleton (D:6)
  4 iguanas
  8 worker ants
  A killer bee zombie (D:8)
  A worker ant zombie (D:8)
  3 mummies (Ossuary)
  29 gnolls
  7 adders
  2 shadow imps
  An ooze (D:2)
  2 adder skeletons
  3 worms
  3 dart slugs
  7 leopard geckos
  37 orcs
  11 bats
  8 giant cockroaches
  10 goblins
  12 hobgoblins
  20 jackals
  A quokka (D:3)
  10 frilled lizards
  3 goblin zombies (Ossuary)
  3 hobgoblin zombies (Ossuary)
  10 kobolds
  3 kobold zombies (Ossuary)
  9 rats
  2 plants (D:9)
393 creatures vanquished.

Vanquished Creatures (others)
  4 dream sheep (D:10)
  A hobgoblin zombie (Ossuary)
  9 fungi
  3 plants
17 creatures vanquished.

Grand Total: 410 creatures vanquished

Notes
Turn   | Place    | Note
-------+----------+-------------------------------------------
     0 | D:1      | DocSulfur the Deep Elf Earth Elementalist began the quest
                  | for the Orb.
     0 | D:1      | Reached XP level 1. HP: 10/10 MP: 6/6
   130 | D:1      | Reached XP level 2. HP: 15/15 MP: 2/8
   862 | D:2      | Reached XP level 3. HP: 19/19 MP: 7/10
  1208 | D:2      | Learned a level 2 spell: Passwall
  1212 | D:2      | Learned a level 3 spell: Stone Arrow
  1345 | D:2      | Reached XP level 4. HP: 24/24 MP: 10/12
  1489 | D:2      | Reached skill level 5 in Earth Magic
  1550 | D:2      | Found an opulent altar of Gozag.
  2051 | D:3      | Found an ancient bone altar of Kikubaaqudgha.
  2060 | D:3      | Became a worshipper of Kikubaaqudgha
  2125 | D:3      | Reached XP level 5. HP: 18/28 MP: 9/14
  2351 | D:3      | Found a white marble altar of Elyvilon.
  2353 | D:3      | Reached skill level 5 in Spellcasting
  3000 | D:4      | Noticed an ogre
  3013 | D:4      | Killed an ogre
  3013 | D:4      | Reached XP level 6. HP: 32/32 MP: 11/15
  3173 | D:4      | Found a blossoming altar of Fedhas.
  3175 | D:4      | Found a stormy altar of Qazlal.
  3431 | D:5      | Entered Level 5 of the Dungeon
  3457 | D:5      | Noticed Sigmund
  3467 | D:5      | Killed Sigmund
  3518 | D:5      | Found a shimmering blue altar of Sif Muna.
  3520 | D:5      | Found a hazy altar of Hepliaklqana.
  3543 | D:5      | Reached * piety under Kikubaaqudgha
  3543 | D:5      | Identified Kikubaaqudgha's Handbook of Sinister Rituals
                  | (Kikubaaqudgha gifted it to you on level 5 of the Dungeon)
  3543 | D:5      | Received a gift from Kikubaaqudgha
  3582 | D:5      | Reached XP level 7. HP: 36/36 MP: 13/16
  3589 | D:5      | Learned a level 5 spell: Lee's Rapid Deconstruction
  3592 | D:5      | Learned a level 2 spell: Sublimation of Blood
  3611 | D:5      | Found a bloodstained altar of Trog.
  3746 | D:5      | Reached skill level 1 in Necromancy
  4601 | D:6      | Reached skill level 1 in Shields
  4606 | D:6      | Found Eluink's Gadget Emporium.
  4609 | D:6      | Found a sparkling altar of Nemelex Xobeh.
  4656 | D:6      | Noticed Maggie
  4737 | D:6      | Killed Maggie
  4737 | D:6      | Reached XP level 8. HP: 17/41 MP: 13/17
  4923 | D:6      | Noticed Prince Ribbit
  5231 | D:6      | Reached skill level 10 in Earth Magic
  5629 | D:6      | Killed Prince Ribbit
  5665 | D:6      | Learned a level 3 spell: Vampiric Draining
  5710 | D:7      | Found a sand-covered staircase.
  5721 | D:7      | Reached ** piety under Kikubaaqudgha
  5721 | D:7      | Reached skill level 5 in Shields
  5721 | D:7      | Reached XP level 9. HP: 45/45 MP: 13/18
  5744 | Ossuary  | Entered an ossuary
  6406 | D:7      | Noticed Joseph
  6431 | D:7      | Killed Joseph
  6620 | D:7      | Got a shimmering dagger
  6620 | D:7      | Identified the +10 dagger of the Pill Bug {venom, rElec}
                  | (You found it on level 7 of the Dungeon)
  6629 | D:7      | Found a sacrificial altar of Ru.
  6681 | D:7      | Got a masterwork hunting sling
  6681 | D:7      | Identified the +10 hunting sling of Plunder {speed, rF+
                  | Str+4} (You found it on level 7 of the Dungeon)
  6712 | D:7      | Found a staircase to the Ecumenical Temple.
  6901 | D:7      | Found a shattered altar of Ashenzari.
  6909 | D:7      | Reached skill level 1 in Fighting
  7474 | D:8      | Noticed a +0 dagger
  7474 | D:8      | Noticed a +0 hand axe
  7476 | D:8      | Found a hide-covered altar of Uskayaw.
  7549 | D:8      | Reached *** piety under Kikubaaqudgha
  7549 | D:8      | Identified Kikubaaqudgha's Disquisition on Black Magic
                  | (Kikubaaqudgha gifted it to you on level 8 of the Dungeon)
  7549 | D:8      | Received a gift from Kikubaaqudgha
  7635 | D:8      | Reached skill level 1 in Conjurations
  7896 | D:8      | Reached **** piety under Kikubaaqudgha
  8140 | D:8      | Reached XP level 10. HP: 46/54 MP: 9/22
  9059 | D:9      | Reached skill level 5 in Conjurations
  9148 | D:8      | Learned a level 5 spell: Borgnjor's Vile Clutch
  9153 | D:8      | Learned a level 4 spell: Dispel Undead
  9162 | D:9      | Noticed a cyclops
  9438 | D:10     | Entered Level 10 of the Dungeon
  9450 | D:10     | Reached skill level 5 in Necromancy
  9636 | D:10     | Got a warped whip
  9636 | D:10     | Identified the cursed +1 whip of the Moon {protect, rC-
                  | Int+5 SInv} (You found it on level 10 of the Dungeon)
  9651 | D:10     | Reached ***** piety under Kikubaaqudgha
  9675 | D:10     | Reached skill level 10 in Spellcasting
  9715 | D:10     | Noticed Sonja
  9802 | D:10     | Reached XP level 11. HP: 59/59 MP: 17/27
  9876 | D:10     | Killed Sonja
  9917 | D:10     | Noticed Fannar
 10093 | D:10     | Killed Fannar
 10320 | D:10     | Found a staircase to the Orcish Mines.
 10363 | D:10     | Found a roughly hewn altar of Beogh.
 10550 | D:10     | Found a shimmering altar of Xom.
 11187 | D:9      | Noticed a two-headed ogre
 11193 | D:9      | Killed a two-headed ogre
 11455 | D:9      | Reached skill level 10 in Shields
 12589 | D:11     | Found Petsyrha's Magic Scroll Emporium.
 12599 | D:11     | Bought a scroll of identify for 26 gold pieces
 12609 | D:11     | Bought a scroll of identify for 26 gold pieces
 12612 | D:11     | Bought a scroll of enchant armour for 97 gold pieces
 13149 | D:11     | Found a staircase to the Lair.
 13485 | D:12     | Reached skill level 5 in Fighting
 13485 | D:12     | Reached XP level 12. HP: 68/68 MP: 28/28
 13580 | D:12     | Noticed a death knight
 13746 | D:12     | Mangled by a phantasmal warrior

Illustrated notes

Levels and vault maps discovered:
D:1:      scummos_arrival_hexagon, layout_loops_ring
D:2:      layout_loops_ring, grunt_gozag_statues, minmay_goblin_kobold_house
D:3:      layout_basic, kiku_gazebo_pond_becter, elyvilon_altar_3
D:4:      layout_basic, grunt_temple_overflow_forces_of_nature, dk_vineyard_2
D:5:      layout_loops_ring, lightli_temple_of_fire,
          gammafunk_temple_overflow_statue, first_ration, uniq_sigmund
D:6:      layout_gridville, serial_shops, shop_statue,
          nemelex_xobeh_ov_fountains_minmay, uniq_maggie, uniq_prince_ribbit1
D:7:      layout_loops_ring, lemuel_crystal_altar, evilmike_ruin_ashenzari,
          temple_doors_e, serial_rivers, chequers_serial_rivers_micro_b,
          chequers_serial_rivers_small_3, chequers_serial_rivers_small_3,
          chequers_serial_rivers_small_3, chequers_serial_rivers_small_a,
          chequers_serial_rivers_small_b, chequers_ossuary_entry_cave,
          uniq_joseph
D:8:      layout_cave_pools, dancing_weapons_uskayaw, serial_gnoll_camp,
          gnoll_camp_medium_01, gnoll_camp_mini_hut, gnoll_camp_huts_moat,
          gnoll_camp_mini_doghouse
D:9:      kennysheep_seaside_town, layout_cave_pools, grunt_livestock
D:10:     layout_cave_pools, minmay_orc_entry_temple_small, st_stairs_12,
          chequers_serial_rivers_micro_d, kb_xom_exploding_sheep, uniq_fannar,
          uniq_sonja
D:11:     layout_cross, minmay_lair_entry_grove, serial_shops, shop_statue
D:12:     layout_roguey
D:13:     layout_basic, uniq_snorg

Skill      XL: |  1  2  3  4  5  6  7  8  9 10 11 |
---------------+----------------------------------+-----
Earth Magic    | 4 5 6 8 9 10 | 10.0
Spellcasting   | 4 5 6 10 | 10.0
Necromancy     | 3 4 6 7 |  7.7
Transmutations | 2 |  2.0
Shields        | 2 5 7 10 | 10.2
Fighting       | 2 5 |  5.5
Conjurations   | 3 6 |  6.0
Dodging        | |  2.4
Stealth        | |  2.4

Action                   |  1- 3 |  4- 6 |  7- 9 | 10-12 || total
-------------------------+-------+-------+-------+-------++-------
Melee: Whip              |     1 |     1 |     7 |       ||     9
       Rapier            |       |     2 |       |       ||     2
       Dagger            |       |       |     4 |    19 ||    23
 Fire: Hunting sling     |       |     5 |   165 |   372 ||   542
Throw: Javelin           |       |       |    14 |     1 ||    15
       Dart              |       |       |    20 |    15 ||    35
 Cast: Sandblast         |    61 |    65 |    75 |    97 ||   298
       Passwall          |     1 |       |       |       ||     1
       Stone Arrow       |       |     2 |    21 |    12 ||    35
       Lee's Rapid Decon |       |       |     5 |    29 ||    34
       Borgnjor's Vile C |       |       |       |     1 ||     1
Evoke: Wand              |       |       |       |     3 ||     3
  Use: Scroll            |     1 |     8 |     7 |    12 ||    28
       Potion            |       |       |       |     4 ||     4
 Stab: Sleeping          |       |     1 |     1 |       ||     2
  Eat: Chunk             |     1 |     4 |     8 |     8 ||    21
       Ration            |       |     1 |     2 |     4 ||     7
Armor: Robe              |     2 |     2 |     2 |     2 ||     8
       Steam dragon scal |       |       |    12 |    18 ||    30
       Troll leather arm |       |       |       |     5 ||     5
Dodge: Dodged            |    12 |    11 |    40 |    72 ||   135
Block: Kite shield       |       |       |       |    54 ||    54
       Reflection        |       |       |       |    18 ||    18
